 Dungeon Crawl Stone Soup version 0.24-a0-284-g9fb9971 (webtiles) character file.

Game seed: 11302141947655898039

1197 Anon1729 the Ducker (level 8, 0/61 HPs)
             Began as a Vampire Monk on May 5, 2019.
             Was a Believer of Okawaru.
             Slain by a mummy (17 damage)
             ... in an ossuary.
             The game lasted 00:11:09 (6228 turns).

Anon1729 the Ducker (Vampire Monk)                  Turns: 6228, Time: 00:11:10

Health: 0/61       AC:  4    Str: 10    XL:     8   Next: 20%
Magic:  8/8        EV: 19    Int: 12    God:    Okawaru [**....]
Gold:   354        SH:  0    Dex: 24    Spells: 7/7 levels left

rFire    . . .     SeeInvis +   A - +2 falchion (drain)
rCold    . . .     Gourm    .   (no shield)
rNeg     + . .     Faith    .   b - +0 robe
rPois    +         Spirit   .   (no helmet)
rElec    .         Reflect  .   y - +0 cloak
rCorr    .         Harm     .   (no gloves)
MR       .....                  f - +0 pair of boots
Stlth    ++++......             (no amulet)
HPRegen  0.20/turn              t - ring of poison resistance
MPRegen  0.11/turn              z - +5 ring of dexterity

@: no status effects
A: fangs 3, see invisible, unbreathing
a: Bat Form, Heroism, Renounce Religion


You were in an ossuary.
You worshipped Okawaru.
Okawaru was pleased with you.
You were not thirsty.

You visited 2 branches of the dungeon, and saw 7 of its levels.
You also visited: Ossuary.

You collected 354 gold pieces.

Inventory:

Hand Weapons
 l - a +0 long sword
 A - a +2 falchion of draining (weapon)
Armour
 b - a +0 robe (worn)
 f - a +0 pair of boots (worn)
 r - a scarf of cloud immunity
 y - a +0 cloak (worn)
Jewellery
 t - a ring of poison resistance (left hand)
 z - a +5 ring of dexterity (right hand)
Wands
 a - a wand of polymorph (9)
Scrolls
 c - 2 scrolls of fog
 g - 2 scrolls of magic mapping {unknown}
 h - 3 scrolls of remove curse
 i - a scroll of amnesia {unknown}
 n - 6 scrolls of identify {unknown}
 o - a scroll of fear {unknown}
 u - a scroll of random uselessness {unknown}
 v - 2 scrolls of enchant weapon {unknown}
 x - a scroll of enchant armour {unknown}
 C - a scroll of teleportation {unknown}
Potions
 d - 2 potions of agility {unknown}
 e - 2 potions of brilliance {unknown}
 j - a potion of invisibility {unknown}
 k - 3 potions of curing {unknown}
 m - a potion of mutation {unknown}
 p - 2 potions of flight {unknown}
 q - 16 potions of blood
 s - a potion of resistance {unknown}
 w - a potion of magic {unknown}
 B - a potion of lignification {unknown}
 D - a potion of haste {unknown}


   Skills:
 + Level 4.4 Fighting
 * Level 6.4 Long Blades
 * Level 7.0 Dodging
 + Level 6.7 Stealth
 + Level 0.7 Invocations


You had 7 spell levels left.
You didn't know any spells.
Your spell library was empty.

Dungeon Overview and Level Annotations

Branches:
Dungeon (6/15)             Temple (1/1) D:5

Altars:
Ashenzari
Cheibriados
Dithmenos
Elyvilon
Fedhas
Gozag
Hepliaklqana
Kikubaaqudgha
Makhleb
Okawaru
Qazlal
Ru
Sif Muna
Trog
Uskayaw
Wu Jian
Yredelemnul
Zin
The Shining One

Annotations:
D:5 3 runed translucent doors, Hylith's ghost, novice GnFi; Ijustatesigmund's ghost, novice OpFi; Yorgos's ghost, amateur SpSk


Innate Abilities, Weirdness & Mutations

You have razor-sharp teeth.
You have supernaturally acute eyesight. (SInv)
You can survive without breathing.


Message History

You hit the mummy.
The mummy is lightly damaged.
You hit the mummy.
The mummy is moderately damaged.
The mummy hits you!
You hit the mummy but do no damage.
The mummy is moderately damaged.
You hit the mummy.
The mummy is moderately damaged.
The mummy splashes around in the water.
You hit the mummy.
The mummy is heavily damaged.
The mummy hits you.
* * * LOW HITPOINT WARNING * * *
You slash the mummy!
The mummy is almost destroyed.
You hit the mummy but do no damage.
The mummy is almost destroyed.
The mummy hits you!
You die...

#...#.≈.≈≈≈#
#.∩.'≈### ≈#
#∩..#..P##≈≈#
#####.≈#≈≈#
+≈.P≈≈##
#####≈####≈#≈
#...#≈..#≈≈≈#
#...≈≈≈#≈≈≈#
#...#@.P####
#####M##≈≈#
M......≈≈P≈≈#
#'#+#≈≈.#≈#≈≈#
#.#.######
#####


You could see a mummy.

Vanquished Creatures
  Menkaure (D:5)
  An ogre (D:4)
  A centaur zombie (Ossuary)
  3 mummies (Ossuary)
  2 bullfrog zombies
  6 orc priests
  2 centaur skeletons
  3 worker ants
  5 orc wizards
  4 hound zombies (Ossuary)
  A hound skeleton (D:4)
  5 worker ant zombies
  A howler monkey zombie (D:5)
  A gnoll (D:1)
  6 adders
  An ooze (D:2)
  3 adder skeletons (D:4)
  2 adder zombies (D:4)
  6 worms
  A dart slug (D:1)
  A leopard gecko (D:1)
  26 orcs
  2 ball pythons
  12 bats
  5 giant cockroaches
  11 goblins
  13 hobgoblins
  13 jackals
  3 quokkas
  A ball python zombie (D:4)
  5 frilled lizards
  2 giant cockroach zombies
  A jackal skeleton (D:4)
  9 kobolds
  2 leopard gecko zombies
  2 quokka skeletons (D:4)
  A quokka zombie (Ossuary)
  12 rats
176 creatures vanquished.

Vanquished Creatures (others)
  7 withered plants
7 creatures vanquished.

Grand Total: 183 creatures vanquished

Notes
Turn   | Place    | Note
-------+----------+-------------------------------------------
     0 | D:1      | Anon1729 the Vampire Monk began the quest for the Orb.
     0 | D:1      | Reached XP level 1. HP: 17/17 MP: 1/1
   120 | D:1      | Reached XP level 2. HP: 14/23 MP: 2/2
   415 | D:1      | Reached XP level 3. HP: 19/28 MP: 3/3
  1014 | D:2      | Reached skill level 4 in Dodging
  1069 | D:2      | Found a snail-covered altar of Cheibriados.
  1078 | D:2      | Reached XP level 4. HP: 29/35 MP: 4/4
  1230 | D:2      | Found an ornate altar of the Wu Jian Council.
  2015 | D:3      | Found a blossoming altar of Fedhas.
  2016 | D:3      | Found a hide-covered altar of Uskayaw.
  2131 | D:3      | Reached XP level 5. HP: 30/41 MP: 5/5
  2937 | D:4      | Reached skill level 5 in Dodging
  3098 | D:4      | Reached XP level 6. HP: 32/47 MP: 6/6
  3437 | D:4      | Reached skill level 5 in Stealth
  3715 | D:4      | Reached skill level 5 in Long Blades
  4120 | D:4      | Reached XP level 7. HP: 50/53 MP: 7/7
  4530 | D:4      | Reached skill level 6 in Dodging
  5037 | D:5      | Entered Level 5 of the Dungeon
  5059 | D:5      | Noticed Menkaure
  5094 | D:5      | Killed Menkaure
  5418 | D:5      | Found a runed translucent gate.
  5418 | D:5      | Found a runed translucent gate.
  5418 | D:5      | Found a runed translucent gate.
  5419 | D:5      | Noticed Yorgos's ghost (amateur SpSk)
  5419 | D:5      | Noticed Ijustatesigmund's ghost (novice OpFi)
  5419 | D:5      | Noticed Hylith's ghost (novice GnFi)
  5686 | D:5      | Found a staircase to the Ecumenical Temple.
  5695 | Temple   | Entered the Ecumenical Temple
  5702 | Temple   | Became a worshipper of Warmaster Okawaru
  5702 | Temple   | Reached * piety under Okawaru
  5702 | Temple   | Reached ** piety under Okawaru
  5876 | D:5      | Reached XP level 8. HP: 59/60 MP: 8/8
  6033 | D:6      | Found a sand-covered staircase.
  6044 | Ossuary  | Entered an ossuary
  6185 | Ossuary  | Reached skill level 7 in Dodging
  6228 | Ossuary  | Slain by a mummy

Levels and vault maps discovered:
D:1:      giann_wishing_wells, layout_basic, minmay_misc_feat_roman,
          minmay_vboxes
D:2:      wad_river_or_something, layout_rooms, old_standard_altar,
          old_standard_altar
D:3:      layout_basic, grunt_temple_overflow_open
D:4:      layout_loops_cross, serial_undead, serial_undead_d, serial_undead_f,
          serial_undead_f, serial_undead_a
D:5:      layout_gridville, minmay_temple_entry_junction, first_ration,
          gammafunk_ghost_cemetery, kennysheep_decorative_pillar, uniq_menkaure
D:6:      layout_loops_ring, nicolae_ossuary_entry_ruins, serial_shops,
          shop_statue
Temple:   nicolae_temple_no_exploring_needed
Ossuary:  ossuary_zaba_flooded

Skill      XL: |  1  2  3  4  5  6  7  8 |
---------------+-------------------------+-----
Fighting       | 3 4 |  4.4
Dodging        | 4 5 6 7 |  7.0
Long Blades    | 4 5 6 |  6.4
Stealth        | 4 5 6 |  6.7
Invocations    | |  0.7

Action                   |  1- 3 |  4- 6 |  7- 9 || total
-------------------------+-------+-------+-------++-------
Melee: Falchion          |    84 |     7 |   147 ||   238
       Bite              |     9 |    38 |    43 ||    90
       Long sword        |       |   255 |    91 ||   346
 Abil: Bat Form          |       |     2 |       ||     2
       End Transformatio |       |     1 |       ||     1
  Use: Scroll            |       |     2 |       ||     2
       Potion            |       |     8 |     9 ||    17
 Stab: Sleeping          |     8 |    17 |     5 ||    30
       Distracted        |       |     1 |     1 ||     2
  Eat: Corpse            |       |     2 |       ||     2
Armor: Robe              |    11 |    49 |    22 ||    82
Dodge: Dodged            |    70 |   224 |   151 ||   445
       Rpst.: Falchion   |    29 |     1 |    28 ||    58
       Long sword        |       |    68 |    18 ||    86

Table legend:
 A = Non-vault XP
 B = Vault XP
 C = Vault XP percentage of total XP
 D = Non-vault monster count
 E = Vault monster count
 F = Vault count percentage of total count
                 A         B        C        D         E       F
            +---------+---------+-------+---------+---------+-------
      Total |    1070 |     640 |  37.4 |     132 |      44 |  25.0
            +---------+---------+-------+---------+---------+-------
        D:1 |      58 |      13 |  18.3 |      27 |       7 |  20.6
        D:2 |      47 |      26 |  35.6 |      18 |       9 |  33.3
        D:3 |     177 |       0 |   0.0 |      37 |       0 |   0.0
        D:4 |     479 |     158 |  24.8 |      21 |      15 |  41.7
        D:5 |     300 |     169 |  36.0 |      26 |       1 |   3.7
        D:6 |       9 |       0 |   0.0 |       3 |       0 |   0.0
    Ossuary |       0 |     274 | 100.0 |       0 |      12 | 100.0
            +---------+---------+-------+---------+---------+-------
